 Dungeon Crawl Stone Soup version 0.21.1-1-g345015fe64 (webtiles) character file.

5377 Henning the Blocker (level 10, -3/92 HPs)
             Began as a Minotaur Fighter on June 20, 2018.
             Was a Priest of Trog.
             Killed from afar by an electric eel (9 damage)
             ... with a bolt of electricity
             ... on level 9 of the Dungeon.
             The game lasted 00:22:08 (7800 turns).

Henning the Blocker (Minotaur Fighter)              Turns: 7800, Time: 00:22:09

Health: -3/92      AC: 14    Str: 19    XL:     10   Next: 39%
Magic:  9/9        EV:  8    Int:  7    God:    Trog [***...]
Gold:   591        SH: 11    Dex: 13    Spells: 9/9 levels left

rFire    + . .     SeeInvis .   a - +0 war axe
rCold    . . .     Gourm    .   c - +0 shield
rNeg     + . .     Faith    .   j - +0 chain mail (curse)
rPois    .         Spirit   .   (helmet restricted)
rElec    .         Reflect  .   (no cloak)
rCorr    .         Harm     .   n - +0 pair of gloves
MR       .....     Rnd*Rage +   (no boots)
Stlth    ..........             r - amulet of regeneration
HPRegen  0.65/turn              p - ring of positive energy
MPRegen  0.11/turn              v - ring of protection from fire

@: no status effects
A: retaliatory headbutt, horns 2, slimy green scales 1, berserk 1, clever 1,
weak 1, wild magic 1
a: Berserk, Trog's Hand, Burn Spellbooks, Renounce Religion


You were on level 9 of the Dungeon.
You worshipped Trog.
Trog was most pleased with you.
You were not hungry.

You visited 2 branches of the dungeon, and saw 10 of its levels.

You collected 591 gold pieces.

Inventory:

Hand Weapons
 a - a +0 war axe (weapon)
Armour
 b - a +0 scale mail
 c - a +0 shield (worn)
 j - a cursed +0 chain mail (worn)
 n - a +0 pair of gloves (worn)
Jewellery
 g - an uncursed amulet of guardian spirit
 p - a ring of positive energy (left hand)
 r - an amulet of regeneration (around neck)
 v - a ring of protection from fire (right hand)
 B - a cursed amulet of inaccuracy {unknown}
Wands
 m - a wand of flame (16)
 o - a wand of paralysis (26)
 q - a wand of iceblast (7)
 s - a wand of enslavement (14)
 x - a wand of disintegration (8)
 D - a wand of scattershot (5)
 E - a wand of digging (9)
Scrolls
 i - 3 scrolls of blinking
 y - 4 scrolls of teleportation {unknown}
 A - 4 scrolls of amnesia {unknown}
 C - 2 scrolls of enchant weapon {unknown}
 F - a scroll of fog
Potions
 d - a potion of might
 e - 2 potions of haste
 h - 2 potions of agility
 k - 4 potions of curing
 l - 2 potions of lignification
 t - a potion of flight
 u - a potion of berserk rage
 w - 3 potions of brilliance
 z - 2 potions of heal wounds {unknown}
Comestibles
 f - 14 rations
 G - 7 chunks of flesh


   Skills:
 + Level 9.7 Fighting
 + Level 9.6 Axes
 + Level 9.7 Armour
 + Level 3.6 Dodging
 - Level 0.2 Stealth
 + Level 9.7 Shields


You had 9 spell levels left.
You didn't know any spells.

Dungeon Overview and Level Annotations

Branches:
Dungeon (9/15)             Temple (1/1) D:4            Lair (0/6) D:8
    Orc: D:9-12

Altars:
Ashenzari
Cheibriados
Elyvilon
Fedhas
Gozag
Hepliaklqana
Kikubaaqudgha
Makhleb
Nemelex Xobeh
Okawaru
Qazlal
Ru
Sif Muna
Trog
Uskayaw
Vehumet
Wu Jian
Xom
Yredelemnul
Zin
The Shining One

Shops:
D:4 [


Innate Abilities, Weirdness & Mutations

You reflexively headbutt those who attack you in melee.
You have a pair of horns on your head.
You are partially covered in slimy green scales. (AC +2)
You tend to lose your temper in combat.
Your mind is acute. (Int +2)
You are weak. (Str -2)
Your spells are a little harder to cast, but a little more powerful.


Message History

The bolt of electricity hits you!
You closely miss the electric eel. Your headbutt misses the electric eel.
The electric eel is severely wounded.
Your chain mail prevents you from hitting the electric eel.
The electric eel is severely wounded.
The electric eel shoots out a bolt of lightning at you!
The bolt of electricity hits you!
* * * LOW HITPOINT WARNING * * *
You barely miss the electric eel.
You headbutt the electric eel, but do no damage.
The electric eel is severely wounded.
The electric eel shoots out a bolt of lightning at you!
The bolt of electricity hits you!
* * * LOW HITPOINT WARNING * * *
You hit the electric eel but do no damage.
Your headbutt misses the electric eel.
The electric eel is severely wounded.
The electric eel shoots out a bolt of lightning at you!
The bolt of electricity hits you!
You die...

........≈.≈≈≈≈≈
.........)....≈.≈≈≈≈≈
#.............≈.≈≈≈≈≈
#.........#≈≈.≈.≈≈≈≈≈
#......###≈≈≈.≈.≈≈≈≈≈
#......+....≈.≈.≈≈≈≈#
#.....#≈≈≈.≈.≈......
#..........≈@†≈≈≈≈≈≈
#......≈≈..≈.;≈≈≈≈≈≈
#....††#≈..≈.≈≈≈≈≈#≈
#......##..≈.≈≈≈≈##
##......##..≈.≈≈≈... .
..........#..≈.≈≈#....
#.
.......^..#..#...+....
##.
#######.....#..#####
............
≈§§§≈≈#.....#..#
#.........


You could see an electric eel.

Vanquished Creatures
  A two-headed ogre (D:8)
  Pikel (D:5)
  A komodo dragon (D:8)
  A troll (D:9)
  The ghost of Mesmodan the Shield-Bearer, an amateur GrFi (D:4)
  A hungry ghost (D:8)
  3 water moccasins
  2 phantoms
  A slave (D:5)
  3 ice beasts
  A sky beast (D:6)
  3 centaurs
  A necrophage (D:5)
  3 ogres
  The ghost of Mesmodan the Shield-Bearer, an amateur GrFi (D:3)
  A crocodile (D:8)
  2 bullfrogs
  2 scorpions (D:6)
  16 killer bees
  4 wights (D:8)
  An electric eel (D:9)
  3 crimson imps
  2 orc wizards
  A hound (D:7)
  2 orc priests
  A bullfrog skeleton (D:5)
  2 iguanas
  Jessica (D:2)
  Natasha (D:2)
  2 worker ants
  A howler monkey zombie (D:7)
  3 worker ant zombies
  6 gnolls
  15 adders
  A shadow imp (D:7)
  An ooze (D:3)
  An adder skeleton (D:8)
  3 worms
  4 dart slugs
  7 leopard geckos
  26 orcs
  2 giant cockroaches
  5 goblins
  10 hobgoblins
  6 jackals
  6 quokkas
  6 bats
  4 frilled lizards
  A giant cockroach zombie (D:6)
  7 kobolds
  A leopard gecko zombie (D:8)
  A quokka skeleton (D:6)
  6 rats
188 creatures vanquished.

Vanquished Creatures (others)
  2 jackals (D:5)
  3 plants (D:8)
5 creatures vanquished.

Grand Total: 193 creatures vanquished

Notes
Turn   | Place    | Note
-------+----------+-------------------------------------------
     0 | D:1      | Henning the Minotaur Fighter began the quest for the Orb.
     0 | D:1      | Reached XP level 1. HP: 19/19 MP: 0/0
   145 | D:1      | Reached XP level 2. HP: 27/27 MP: 1/1
   838 | D:2      | Found a white marble altar of Elyvilon.
   866 | D:2      | Reached XP level 3. HP: 26/33 MP: 2/2
   939 | D:2      | Noticed Jessica
   948 | D:2      | Killed Jessica
   965 | D:2      | Reached XP level 4. HP: 39/41 MP: 3/3
   989 | D:2      | Noticed Natasha
   993 | D:2      | Killed Natasha
  1356 | D:2      | Found a shimmering altar of Xom.
  1691 | D:3      | Noticed Mesmodan's ghost (amateur GrFi)
  1973 | D:2      | Reached XP level 5. HP: 43/47 MP: 4/4
  2009 | D:3      | Killed Mesmodan's ghost
  2608 | D:3      | Noticed a water moccasin
  2610 | D:3      | Reached skill level 5 in Fighting
  2610 | D:3      | Reached XP level 6. HP: 56/56 MP: 5/5
  2624 | D:3      | Killed a water moccasin
  2624 | D:3      | Reached skill level 5 in Axes
  2624 | D:3      | Reached skill level 5 in Armour
  2624 | D:3      | Reached skill level 5 in Shields
  3292 | D:4      | Found Suent's Antique Armour Shop.
  3294 | D:4      | Noticed Mesmodan's ghost (amateur GrFi)
  3314 | D:4      | Killed Mesmodan's ghost
  3314 | D:4      | Reached XP level 7. HP: 54/62 MP: 6/6
  3357 | D:4      | Found an ancient bone altar of Kikubaaqudgha.
  3358 | D:4      | Found a hazy altar of Hepliaklqana.
  3389 | D:4      | Found a staircase to the Ecumenical Temple.
  3407 | Temple   | Entered the Ecumenical Temple
  3740 | D:4      | Found a bloodstained altar of Trog.
  3750 | D:4      | Became a worshipper of Trog the Wrathful
  3903 | D:4      | Found a shattered altar of Ashenzari.
  4165 | D:5      | Entered Level 5 of the Dungeon
  4182 | D:5      | Noticed Pikel
  4197 | D:5      | Killed Pikel
  4197 | D:5      | Reached XP level 8. HP: 60/71 MP: 7/7
  5129 | D:6      | Reached * piety under Trog
  5129 | D:6      | Reached XP level 9. HP: 46/81 MP: 8/8
  5755 | D:7      | Gained mutation: Your spells are a little harder to cast, but a little more powerful. [potion of mutation]
  5755 | D:7      | Gained mutation: You have sharp toenails. [potion of mutation]
  5756 | D:7      | Lost mutation: You have sharp toenails. [potion of mutation]
  5756 | D:7      | Gained mutation: You tend to lose your temper in combat. [potion of mutation]
  5756 | D:7      | Gained mutation: Your mind is acute. (Int +2) [potion of mutation]
  5756 | D:7      | Gained mutation: You are weak. (Str -2) [potion of mutation]
  5756 | D:7      | Gained mutation: You are partially covered in slimy green scales. (AC +2) [potion of mutation]
  5882 | D:7      | Found a sacrificial altar of Ru.
  6671 | D:8      | Reached ** piety under Trog
  6725 | D:8      | Reached skill level 1 in Dodging
  6727 | D:8      | Paralysed by fainting for 9 turns
  6739 | D:8      | Paralysed by fainting for 7 turns
  7188 | D:8      | Found a staircase to the Lair.
  7188 | D:8      | Noticed a two-headed ogre
  7189 | D:8      | Noticed a komodo dragon
  7200 | D:8      | Reached XP level 10. HP: 82/91 MP: 9/9
  7217 | D:8      | Killed a two-headed ogre
  7532 | D:8      | Found a glowing silver altar of Zin.
  7783 | D:9      | Reached *** piety under Trog
  7800 | D:9      | Killed from afar by an electric eel

Skill      XL: |  1  2  3  4  5  6  7  8  9 10 |
---------------+-------------------------------+-----
Fighting       | 4 5 6 7 9 |  9.7
Armour         | 4 5 6 7 9 |  9.7
Axes           | 3 4 5 6 7 9 |  9.6
Shields        | 4 5 6 7 9 |  9.7
Dodging        | 2 3 |  3.6
Stealth        | |  0.2

Action                   |  1- 3 |  4- 6 |  7- 9 | 10-12 || total
-------------------------+-------+-------+-------+-------++-------
Melee: War axe           |    68 |   170 |   393 |    86 ||   717
       Headbutt          |    13 |    40 |    71 |    11 ||   135
Invok: Burn Spellbooks   |       |       |     2 |       ||     2
       Berserk           |       |       |       |     1 ||     1
Evoke: Wand              |       |       |       |     1 ||     1
  Use: Scroll            |       |     6 |     8 |       ||    14
       Potion            |       |       |     2 |       ||     2
  Eat: Chunk             |       |     8 |    11 |     3 ||    22
       Ration            |       |       |     1 |       ||     1
Armor: Scale mail        |     7 |       |       |       ||     7
       Chain mail        |    18 |    81 |   167 |    38 ||   304
Dodge: Dodged            |    20 |    31 |    98 |    29 ||   178
Block: Shield            |    36 |   101 |   225 |    58 ||   420
